Unix NetHack Version 3.7.0-62 Work-in-progress - last build Sep 11 2022 12:50:24 (50a4e0875b74f16bdbec0d79e29a59bb940978ed,branch:master).

Game began 2022-09-14 16:15:55, ended 2022-09-16 14:45:01.

rustyspoon, lawful female human Barbarian

  
unexplored area
unexplored area
unexplored area
unexplored area
unexplored area
unexplored area
unexplored area
unexplored area
unexplored area
unexplored area
unexplored area
unexplored area
unexplored area
unexplored area
unexplored area
unexplored area
unexplored area
unexplored area
unexplored area
unexplored area
unexplored area
unexplored area
unexplored area
unexplored area
unexplored area
unexplored area
unexplored area
unexplored area
unexplored area
unexplored area
unexplored area
unexplored area
unexplored area
unexplored area
unexplored area
unexplored area
unexplored area
unexplored area
unexplored area
unexplored area
unexplored area
unexplored area
unexplored area
unexplored area
unexplored area
unexplored area
unexplored area
unexplored area
unexplored area
unexplored area
unexplored area
unexplored area
unexplored area
unexplored area
unexplored area
unexplored area
unexplored area
unexplored area
unexplored area
unexplored area
unexplored area
unexplored area
unexplored area
unexplored area
unexplored area
unexplored area
unexplored area
unexplored area
unexplored area
unexplored area
unexplored area
unexplored area
unexplored area
unexplored area
unexplored area
unexplored area
unexplored area
unexplored area
unexplored area
unexplored area
unexplored area
unexplored area
unexplored area
unexplored area
unexplored area
unexplored area
unexplored area
unexplored area
unexplored area
unexplored area
unexplored area
unexplored area
unexplored area
unexplored area
unexplored area
unexplored area
unexplored area
unexplored area
unexplored area
unexplored area
unexplored area
unexplored area
unexplored area
unexplored area
unexplored area
unexplored area
unexplored area
unexplored area
unexplored area
unexplored area
unexplored area
unexplored area
unexplored area
unexplored area
unexplored area
unexplored area
unexplored area
unexplored area
unexplored area
unexplored area
unexplored area
unexplored area
unexplored area
unexplored area
unexplored area
unexplored area
unexplored area
unexplored area
unexplored area
unexplored area
unexplored area
unexplored area
unexplored area
unexplored area
unexplored area
unexplored area
unexplored area
unexplored area
unexplored area
unexplored area
unexplored area
unexplored area
unexplored area
unexplored area
unexplored area
unexplored area
unexplored area
unexplored area
unexplored area
unexplored area
unexplored area
unexplored area
unexplored area
unexplored area
unexplored area
unexplored area
unexplored area
unexplored area
unexplored area
unexplored area
unexplored area
unexplored area
unexplored area
unexplored area
unexplored area
unexplored area
unexplored area
unexplored area
unexplored area
unexplored area
unexplored area
unexplored area
unexplored area
unexplored area
unexplored area
unexplored area
unexplored area
unexplored area
unexplored area
unexplored area
unexplored area
unexplored area
unexplored area
unexplored area
unexplored area
unexplored area
unexplored area
unexplored area
unexplored area
unexplored area
unexplored area
unexplored area
unexplored area
unexplored area
unexplored area
unexplored area
unexplored area
unexplored area
unexplored area
unexplored area
unexplored area
unexplored area
unexplored area
unexplored area
unexplored area
unexplored area
unexplored area
unexplored area
unexplored area
unexplored area
unexplored area
unexplored area
unexplored area
unexplored area
unexplored area
unexplored area
unexplored area
unexplored area
unexplored area
unexplored area
unexplored area
unexplored area
unexplored area
unexplored area
unexplored area
unexplored area
unexplored area
unexplored area
unexplored area
unexplored area
unexplored area
unexplored area
unexplored area
unexplored area
unexplored area
unexplored area
unexplored area
unexplored area
unexplored area
unexplored area
unexplored area
unexplored area
unexplored area
unexplored area
unexplored area
unexplored area
unexplored area
unexplored area
unexplored area
unexplored area
unexplored area
unexplored area
unexplored area
unexplored area
unexplored area
unexplored area
unexplored area
unexplored area
unexplored area
unexplored area
unexplored area
unexplored area
unexplored area
unexplored area
unexplored area
unexplored area
unexplored area
unexplored area
unexplored area
unexplored area
unexplored area
unexplored area
unexplored area
unexplored area
unexplored area
unexplored area
unexplored area
unexplored area
unexplored area
unexplored area
unexplored area
unexplored area
unexplored area
unexplored area
unexplored area
unexplored area
unexplored area
unexplored area
unexplored area
unexplored area
unexplored area
unexplored area
unexplored area
unexplored area
unexplored area
unexplored area
unexplored area
unexplored area
unexplored area
unexplored area
unexplored area
unexplored area
unexplored area
unexplored area
unexplored area
unexplored area
unexplored area
unexplored area
unexplored area
unexplored area
unexplored area
unexplored area
unexplored area
unexplored area
unexplored area
unexplored area
unexplored area
unexplored area
unexplored area
unexplored area
unexplored area
unexplored area
unexplored area
unexplored area
unexplored area
unexplored area
unexplored area
unexplored area
unexplored area
unexplored area
unexplored area
unexplored area
unexplored area
unexplored area
unexplored area
unexplored area
unexplored area
unexplored area
unexplored area
unexplored area
unexplored area
unexplored area
unexplored area
unexplored area
unexplored area
unexplored area
unexplored area
unexplored area
unexplored area
unexplored area
unexplored area
unexplored area
unexplored area
unexplored area
unexplored area
unexplored area
unexplored area
unexplored area
unexplored area
unexplored area
unexplored area
unexplored area
unexplored area
unexplored area
unexplored area
unexplored area
unexplored area
unexplored area
unexplored area
unexplored area
unexplored area
unexplored area
unexplored area
unexplored area
unexplored area
unexplored area
unexplored area
unexplored area
unexplored area
unexplored area
unexplored area
unexplored area
unexplored area
unexplored area
unexplored area
unexplored area
unexplored area
unexplored area
unexplored area
unexplored area
unexplored area
unexplored area
unexplored area
unexplored area
unexplored area
unexplored area
unexplored area
unexplored area
unexplored area
unexplored area
unexplored area
unexplored area
unexplored area
unexplored area
unexplored area
unexplored area
unexplored area
unexplored area
unexplored area
unexplored area
unexplored area
unexplored area
unexplored area
unexplored area
unexplored area
unexplored area
unexplored area
unexplored area
unexplored area
unexplored area
unexplored area
unexplored area
unexplored area
unexplored area
unexplored area
unexplored area
unexplored area
unexplored area
unexplored area
unexplored area
unexplored area
unexplored area
unexplored area
unexplored area
unexplored area
unexplored area
unexplored area
unexplored area
unexplored area
unexplored area
unexplored area
unexplored area
unexplored area
unexplored area
unexplored area
unexplored area
unexplored area
unexplored area
unexplored area
unexplored area
unexplored area
unexplored area
unexplored area
unexplored area
unexplored area
unexplored area
unexplored area
wall
wall
wall
wall
wall
unexplored area
unexplored area
unexplored area
unexplored area
unexplored area
unexplored area
unexplored area
unexplored area
unexplored area
unexplored area
unexplored area
unexplored area
unexplored area
unexplored area
unexplored area
unexplored area
unexplored area
unexplored area
unexplored area
unexplored area
unexplored area
unexplored area
unexplored area
unexplored area
unexplored area
unexplored area
unexplored area
unexplored area
unexplored area
unexplored area
unexplored area
unexplored area
unexplored area
unexplored area
unexplored area
unexplored area
unexplored area
unexplored area
unexplored area
unexplored area
unexplored area
unexplored area
unexplored area
unexplored area
unexplored area
unexplored area
unexplored area
unexplored area
unexplored area
unexplored area
unexplored area
unexplored area
unexplored area
unexplored area
unexplored area
unexplored area
unexplored area
unexplored area
unexplored area
unexplored area
unexplored area
unexplored area
unexplored area
unexplored area
unexplored area
unexplored area
unexplored area
unexplored area
unexplored area
unexplored area
unexplored area
unexplored area
unexplored area
unexplored area
wall
.dark part of a room
.dark part of a room
.dark part of a room
unexplored area
unexplored area
unexplored area
unexplored area
unexplored area
unexplored area
unexplored area
unexplored area
unexplored area
unexplored area
unexplored area
unexplored area
unexplored area
unexplored area
unexplored area
unexplored area
unexplored area
unexplored area
unexplored area
unexplored area
unexplored area
unexplored area
unexplored area
unexplored area
unexplored area
unexplored area
unexplored area
unexplored area
unexplored area
unexplored area
unexplored area
unexplored area
unexplored area
unexplored area
unexplored area
unexplored area
unexplored area
unexplored area
unexplored area
unexplored area
unexplored area
unexplored area
unexplored area
unexplored area
unexplored area
unexplored area
unexplored area
unexplored area
unexplored area
unexplored area
unexplored area
unexplored area
unexplored area
unexplored area
unexplored area
unexplored area
unexplored area
unexplored area
unexplored area
unexplored area
unexplored area
unexplored area
unexplored area
unexplored area
unexplored area
unexplored area
unexplored area
unexplored area
unexplored area
unexplored area
unexplored area
unexplored area
unexplored area
unexplored area
wall
wall
%a priest corpse
.dark part of a room
wall
wall
wall
wall
wall
wall
wall
wall
wall
unexplored area
unexplored area
unexplored area
unexplored area
unexplored area
unexplored area
unexplored area
unexplored area
unexplored area
unexplored area
unexplored area
unexplored area
unexplored area
unexplored area
unexplored area
unexplored area
unexplored area
unexplored area
unexplored area
unexplored area
unexplored area
unexplored area
unexplored area
unexplored area
unexplored area
unexplored area
unexplored area
unexplored area
unexplored area
unexplored area
unexplored area
unexplored area
unexplored area
unexplored area
unexplored area
unexplored area
unexplored area
unexplored area
unexplored area
unexplored area
unexplored area
unexplored area
unexplored area
unexplored area
unexplored area
unexplored area
unexplored area
unexplored area
unexplored area
unexplored area
unexplored area
unexplored area
unexplored area
unexplored area
unexplored area
unexplored area
unexplored area
unexplored area
unexplored area
unexplored area
unexplored area
unexplored area
unexplored area
unexplored area
unexplored area
wall
wall
.dark part of a room
.dark part of a room
.dark part of a room
wall
.floor of a room
.floor of a room
.floor of a room
.floor of a room
@invisible tourist called Sean the Traveler
.floor of a room
.floor of a room
wall
unexplored area
unexplored area
unexplored area
unexplored area
unexplored area
unexplored area
unexplored area
unexplored area
unexplored area
unexplored area
unexplored area
unexplored area
unexplored area
unexplored area
unexplored area
unexplored area
unexplored area
unexplored area
unexplored area
unexplored area
unexplored area
unexplored area
unexplored area
unexplored area
unexplored area
unexplored area
unexplored area
unexplored area
unexplored area
unexplored area
unexplored area
unexplored area
unexplored area
unexplored area
unexplored area
unexplored area
unexplored area
unexplored area
unexplored area
unexplored area
unexplored area
unexplored area
unexplored area
unexplored area
unexplored area
unexplored area
unexplored area
unexplored area
unexplored area
unexplored area
unexplored area
unexplored area
unexplored area
unexplored area
unexplored area
unexplored area
unexplored area
unexplored area
unexplored area
unexplored area
unexplored area
.dark part of a room
.dark part of a room
wall
wall
wall
.dark part of a room
.dark part of a room
.dark part of a room
.dark part of a room
wall
AAngel of Mitra
.floor of a room
.floor of a room
.floor of a room
.floor of a room
.floor of a room
.floor of a room
wall
unexplored area
unexplored area
unexplored area
unexplored area
unexplored area
unexplored area
unexplored area
unexplored area
unexplored area
unexplored area
unexplored area
unexplored area
unexplored area
unexplored area
unexplored area
unexplored area
unexplored area
unexplored area
unexplored area
unexplored area
unexplored area
unexplored area
unexplored area
unexplored area
unexplored area
unexplored area
unexplored area
unexplored area
unexplored area
unexplored area
unexplored area
unexplored area
unexplored area
unexplored area
unexplored area
unexplored area
unexplored area
unexplored area
unexplored area
unexplored area
unexplored area
unexplored area
unexplored area
unexplored area
unexplored area
unexplored area
unexplored area
unexplored area
unexplored area
unexplored area
unexplored area
unexplored area
unexplored area
unexplored area
unexplored area
unexplored area
unexplored area
unexplored area
unexplored area
unexplored area
.dark part of a room
.dark part of a room
.dark part of a room
.dark part of a room
-open door
.dark part of a room
.dark part of a room
.dark part of a room
.dark part of a room
@invisible renegade priest of Set, can't move (paralyzed or sleeping or busy)
.broken door
.floor of a room
.floor of a room
.floor of a room
@invisible human barbarian called rustyspoon
.floor of a room
.floor of a room
.floor of a room
wall
unexplored area
unexplored area
unexplored area
unexplored area
unexplored area
unexplored area
unexplored area
unexplored area
unexplored area
unexplored area
unexplored area
unexplored area
unexplored area
unexplored area
unexplored area
unexplored area
unexplored area
unexplored area
unexplored area
unexplored area
unexplored area
unexplored area
unexplored area
unexplored area
unexplored area
unexplored area
unexplored area
unexplored area
unexplored area
unexplored area
unexplored area
unexplored area
unexplored area
unexplored area
unexplored area
unexplored area
unexplored area
unexplored area
unexplored area
unexplored area
unexplored area
unexplored area
unexplored area
unexplored area
unexplored area
unexplored area
unexplored area
unexplored area
unexplored area
unexplored area
unexplored area
unexplored area
unexplored area
unexplored area
unexplored area
unexplored area
unexplored area
unexplored area
.dark part of a room
.dark part of a room
)a mace
.dark part of a room
.dark part of a room
wall
wall
wall
.dark part of a room
.dark part of a room
.dark part of a room
.dark part of a room
wall
.floor of a room
.floor of a room
.floor of a room
@peaceful high priestess of Mitra
.floor of a room
.floor of a room
.floor of a room
wall
unexplored area
unexplored area
unexplored area
unexplored area
unexplored area
unexplored area
unexplored area
unexplored area
unexplored area
unexplored area
unexplored area
unexplored area
unexplored area
unexplored area
unexplored area
unexplored area
unexplored area
unexplored area
unexplored area
unexplored area
unexplored area
unexplored area
unexplored area
unexplored area
unexplored area
unexplored area
unexplored area
unexplored area
unexplored area
unexplored area
unexplored area
unexplored area
unexplored area
unexplored area
unexplored area
unexplored area
unexplored area
unexplored area
unexplored area
unexplored area
unexplored area
unexplored area
unexplored area
unexplored area
unexplored area
unexplored area
unexplored area
unexplored area
unexplored area
unexplored area
unexplored area
unexplored area
unexplored area
unexplored area
unexplored area
unexplored area
unexplored area
.dark part of a room
.dark part of a room
.dark part of a room
.dark part of a room
.dark part of a room
wall
unexplored area
unexplored area
wall
wall
.dark part of a room
.dark part of a room
.dark part of a room
wall
.floor of a room
.floor of a room
.floor of a room
.floor of a room
.floor of a room
.floor of a room
.floor of a room
wall
unexplored area
unexplored area
unexplored area
unexplored area
unexplored area
unexplored area
unexplored area
unexplored area
unexplored area
unexplored area
unexplored area
unexplored area
unexplored area
unexplored area
unexplored area
unexplored area
unexplored area
unexplored area
unexplored area
unexplored area
unexplored area
unexplored area
unexplored area
unexplored area
unexplored area
unexplored area
unexplored area
unexplored area
unexplored area
unexplored area
unexplored area
unexplored area
unexplored area
unexplored area
unexplored area
unexplored area
unexplored area
unexplored area
unexplored area
unexplored area
unexplored area
unexplored area
unexplored area
unexplored area
unexplored area
unexplored area
unexplored area
unexplored area
unexplored area
unexplored area
unexplored area
unexplored area
unexplored area
unexplored area
unexplored area
unexplored area
wall
wall
%a fire ant corpse
wall
wall
wall
unexplored area
unexplored area
unexplored area
unexplored area
wall
wall
.dark part of a room
.dark part of a room
wall
wall
wall
wall
wall
wall
wall
wall
wall
unexplored area
unexplored area
unexplored area
unexplored area
unexplored area
unexplored area
unexplored area
unexplored area
unexplored area
unexplored area
unexplored area
unexplored area
unexplored area
unexplored area
unexplored area
unexplored area
unexplored area
unexplored area
unexplored area
unexplored area
unexplored area
unexplored area
unexplored area
unexplored area
unexplored area
unexplored area
unexplored area
unexplored area
unexplored area
unexplored area
unexplored area
unexplored area
unexplored area
unexplored area
unexplored area
unexplored area
unexplored area
unexplored area
unexplored area
unexplored area
unexplored area
unexplored area
unexplored area
unexplored area
unexplored area
unexplored area
unexplored area
unexplored area
unexplored area
unexplored area
unexplored area
unexplored area
unexplored area
wall
wall
wall
wall
.dark part of a room
%a food ration
.dark part of a room
unexplored area
unexplored area
unexplored area
unexplored area
unexplored area
unexplored area
unexplored area
wall
.dark part of a room
.dark part of a room
.dark part of a room
unexplored area
unexplored area
unexplored area
unexplored area
unexplored area
unexplored area
unexplored area
unexplored area
unexplored area
unexplored area
unexplored area
unexplored area
unexplored area
unexplored area
unexplored area
unexplored area
unexplored area
unexplored area
unexplored area
unexplored area
unexplored area
unexplored area
unexplored area
unexplored area
unexplored area
unexplored area
unexplored area
unexplored area
unexplored area
unexplored area
unexplored area
unexplored area
unexplored area
unexplored area
unexplored area
unexplored area
unexplored area
unexplored area
unexplored area
unexplored area
unexplored area
unexplored area
unexplored area
unexplored area
unexplored area
unexplored area
unexplored area
unexplored area
unexplored area
unexplored area
unexplored area
unexplored area
unexplored area
unexplored area
unexplored area
unexplored area
unexplored area
unexplored area
unexplored area
.dark part of a room
.dark part of a room
.dark part of a room
)a long sword
.dark part of a room
.dark part of a room
.dark part of a room
.dark part of a room
unexplored area
unexplored area
unexplored area
unexplored area
unexplored area
unexplored area
unexplored area
unexplored area
wall
wall
wall
wall
wall
unexplored area
unexplored area
unexplored area
unexplored area
unexplored area
unexplored area
unexplored area
unexplored area
unexplored area
unexplored area
unexplored area
unexplored area
unexplored area
unexplored area
unexplored area
unexplored area
unexplored area
unexplored area
unexplored area
unexplored area
unexplored area
unexplored area
unexplored area
unexplored area
unexplored area
unexplored area
unexplored area
unexplored area
unexplored area
unexplored area
unexplored area
unexplored area
unexplored area
unexplored area
unexplored area
unexplored area
unexplored area
unexplored area
unexplored area
unexplored area
unexplored area
unexplored area
unexplored area
unexplored area
unexplored area
unexplored area
unexplored area
unexplored area
unexplored area
unexplored area
unexplored area
unexplored area
unexplored area
unexplored area
unexplored area
unexplored area
unexplored area
unexplored area
.dark part of a room
.dark part of a room
.dark part of a room
wall
wall
wall
wall
unexplored area
unexplored area
unexplored area
unexplored area
unexplored area
unexplored area
unexplored area
unexplored area
unexplored area
unexplored area
unexplored area
unexplored area
unexplored area
unexplored area
unexplored area
unexplored area
unexplored area
unexplored area
unexplored area
unexplored area
unexplored area
unexplored area
unexplored area
unexplored area
unexplored area
unexplored area
unexplored area
unexplored area
unexplored area
unexplored area
unexplored area
unexplored area
unexplored area
unexplored area
unexplored area
unexplored area
unexplored area
unexplored area
unexplored area
unexplored area
unexplored area
unexplored area
unexplored area
unexplored area
unexplored area
unexplored area
unexplored area
unexplored area
unexplored area
unexplored area
unexplored area
unexplored area
unexplored area
unexplored area
unexplored area
unexplored area
unexplored area
unexplored area
unexplored area
unexplored area
unexplored area
unexplored area
unexplored area
unexplored area
unexplored area
unexplored area
unexplored area
unexplored area
unexplored area
unexplored area
unexplored area
unexplored area
.dark part of a room
.dark part of a room
.dark part of a room
wall
unexplored area
unexplored area
unexplored area
unexplored area
unexplored area
unexplored area
unexplored area
unexplored area
unexplored area
unexplored area
unexplored area
unexplored area
unexplored area
unexplored area
unexplored area
unexplored area
unexplored area
unexplored area
unexplored area
unexplored area
unexplored area
unexplored area
unexplored area
unexplored area
unexplored area
unexplored area
unexplored area
unexplored area
unexplored area
unexplored area
unexplored area
unexplored area
unexplored area
unexplored area
unexplored area
unexplored area
unexplored area
unexplored area
unexplored area
unexplored area
unexplored area
unexplored area
unexplored area
unexplored area
unexplored area
unexplored area
unexplored area
unexplored area
unexplored area
unexplored area
unexplored area
unexplored area
unexplored area
unexplored area
unexplored area
unexplored area
unexplored area
unexplored area
unexplored area
unexplored area
unexplored area
unexplored area
unexplored area
unexplored area
unexplored area
unexplored area
unexplored area
unexplored area
unexplored area
unexplored area
unexplored area
unexplored area
unexplored area
unexplored area
unexplored area
unexplored area
wall
wall
wall
unexplored area
unexplored area
unexplored area
unexplored area
unexplored area
unexplored area
unexplored area
unexplored area
unexplored area
unexplored area
unexplored area
unexplored area
unexplored area
unexplored area
unexplored area
unexplored area
unexplored area
unexplored area
unexplored area
unexplored area
unexplored area
unexplored area
unexplored area
unexplored area
unexplored area
unexplored area
unexplored area
unexplored area
unexplored area
unexplored area
unexplored area
unexplored area
unexplored area
unexplored area
unexplored area
unexplored area
unexplored area
unexplored area
unexplored area
unexplored area
unexplored area
unexplored area
unexplored area
unexplored area
unexplored area
unexplored area
unexplored area
unexplored area
unexplored area
unexplored area
unexplored area
unexplored area
unexplored area
unexplored area
unexplored area
unexplored area
unexplored area
unexplored area
unexplored area
unexplored area
unexplored area
unexplored area
unexplored area
unexplored area
unexplored area
unexplored area
unexplored area
unexplored area
unexplored area
unexplored area
unexplored area
unexplored area
unexplored area
unexplored area
unexplored area
unexplored area
unexplored area
unexplored area
unexplored area
unexplored area
unexplored area
unexplored area
unexplored area
unexplored area
unexplored area
unexplored area
unexplored area
unexplored area
unexplored area
unexplored area
unexplored area
unexplored area
unexplored area
unexplored area
unexplored area
unexplored area
unexplored area
unexplored area
unexplored area
unexplored area
unexplored area
unexplored area
unexplored area
unexplored area
unexplored area
unexplored area
unexplored area
unexplored area
unexplored area
unexplored area
unexplored area
unexplored area
unexplored area
unexplored area
unexplored area
unexplored area
unexplored area
unexplored area
unexplored area
unexplored area
unexplored area
unexplored area
unexplored area
unexplored area
unexplored area
unexplored area
unexplored area
unexplored area
unexplored area
unexplored area
unexplored area
unexplored area
unexplored area
unexplored area
unexplored area
unexplored area
unexplored area
unexplored area
unexplored area
unexplored area
unexplored area
unexplored area
unexplored area
unexplored area
unexplored area
unexplored area
unexplored area
unexplored area
unexplored area
unexplored area
unexplored area
unexplored area
unexplored area
unexplored area
unexplored area
unexplored area
unexplored area
unexplored area
unexplored area
unexplored area
unexplored area
unexplored area
unexplored area
unexplored area
unexplored area
unexplored area
unexplored area
unexplored area
unexplored area
unexplored area
unexplored area
unexplored area
unexplored area
unexplored area
unexplored area
unexplored area
unexplored area
unexplored area
unexplored area
unexplored area
unexplored area
unexplored area
unexplored area
unexplored area
unexplored area
unexplored area
unexplored area
[Rustyspoon the Raider ] St:25 Dx:17 Co:18 In:14 Wi:18 Ch:14 Lawful Astral Plane $:0 HP:271(293) Pw:11(11) AC:-22 Xp:15 T:37395

Latest messages:

The bolt of cold whizzes by you!
The bolt of cold bounces!
The bolt of cold bounces!
The bolt of cold hits the Angel of Mitra.
The demilich casts a spell!
The Angel of Mitra picks up a long sword named Sunsword.
You hear a distant zap.
There is a high altar to Mitra (lawful) here.
There is a high altar to Mitra (lawful) here.
There is a high altar to Mitra (lawful) here.
There is a high altar to Mitra (lawful) here.
There is a high altar to Mitra (lawful) here.
What do you want to use or apply? [befkr-vzGHNVX or ?*]
d - an uncursed wand of wishing (1:2).
What do you want to zap? [drvzHV or ?*]
You may wish for an object.
J - a greased visored helmet.
The Angel of Mitra picks up a large shield.
The Angel of Mitra swings her long sword at the fire giant.
The Angel of Mitra hits the fire giant.
The Angel of Mitra swings her long sword at the fire giant.
The Angel of Mitra hits the fire giant.
The Angel of Mitra hits the fire giant.
What do you want to take off? [cDEF or ?*]
The fire giant throws a boulder!
The boulder misses the Angel of Mitra.
The boulder hits the invisible renegade priest of Set!
Sean the invisible Traveler zaps a wand of cold!
The bolt of cold whizzes by you!
The bolt of cold bounces!
The bolt of cold bounces!
The invisible demilich casts a spell!
The Angel of Mitra points at you, then curses.
"Thou art but a godless void."
You finish taking off your helm.
What do you want to wear? [FJ or ?*]
The Angel of Mitra points at you, then curses.
You finish your dressing maneuver.
Your mind oscillates briefly.
You are blasted by Stormbringer's power!
You are blasted by the Heart of Ahriman's power!
The visored helmet glows black for a moment.
There is a high altar to Mitra (lawful) here.
What do you want to sacrifice? [p or ?*]
You offer the Amulet of Yendor to Mitra...
An invisible choir sings, and you are bathed in radiance...
The voice of Mitra thunders: "Mortal, thou hast done well!"
"In return for thy service, I grant thee the gift of Immortality!"
You ascend to the status of Demigoddess...
Do you want your possessions identified? [ynq] (y)

Inventory:

Amulets

Z - an uncursed amulet of reflection (being worn)

Weapons

a - the blessed rustproof +7 Stormbringer (wielded in right hand)
w - a blessed +6 silver saber (wielded in left hand)
W - a blessed +0 athame named Elberethbane

Armor

c - a blessed +1 oilskin cloak (being worn)
A - a blessed +4 Hawaiian shirt with a hibiscus flower motif (being worn)
B - a blessed greased +4 gray dragon scale mail (being worn)
C - an uncursed fireproof +4 cloak of protection
D - a blessed greased fireproof +5 pair of speed boots (being worn)
E - a blessed greased rustproof +5 pair of gauntlets of power (being worn)
F - an uncursed rustproof +4 helm of telepathy
J - a cursed greased rustproof +0 helm of opposite alignment (being worn)

Comestibles

L - an uncursed partly eaten lizard corpse named KFC
R - an uncursed partly eaten food ration

Spellbooks

X - the uncursed Book of the Dead

Potions

I - an uncursed potion of full healing

Rings

m - a blessed ring of free action (on left hand)
y - a blessed ring of conflict (on right hand)
U - a blessed +1 ring of increase damage

Wands

d - an uncursed wand of wishing (1:1)
r - an uncursed wand of teleportation (0:2)
v - an uncursed wand of digging (0:4)
z - an uncursed wand of digging (0:0)
H - an uncursed wand of teleportation (0:5)
V - an uncursed wand of death (1:5)

Tools

b - a blessed bag of holding containing 85 items
e - an uncursed stethoscope
f - a blessed magic marker (0:25)
k - an uncursed skeleton key
s - an uncursed sack named cancellation containing 2 items
t - an uncursed moist towel
u - a blessed +0 unicorn horn
G - the uncursed Bell of Opening (0:1)
N - the uncursed Candelabrum of Invocation (0 of 7 candles attached)

Gems/Stones

x - the blessed Heart of Ahriman

Contents of the bag of holding:

an uncursed amulet of life saving
an uncursed amulet of life saving
a blessed amulet of magical breathing
an uncursed +0 pair of jumping boots
an uncursed +0 pair of water walking boots
an uncursed +0 pair of levitation boots
8 uncursed food rations
an uncursed lizard corpse named MCD
a blessed scroll of scare monster
9 blessed scrolls of blank paper
a cursed scroll of blank paper
an uncursed scroll of blank paper
2 blessed scrolls of charging
an uncursed scroll of earth
a blessed scroll of enchant armor
an uncursed scroll of enchant armor
2 blessed scrolls of enchant weapon
an uncursed scroll of enchant weapon
2 uncursed scrolls of fire
7 uncursed scrolls of identify
5 blessed scrolls of remove curse
3 uncursed scrolls of remove curse
an uncursed scroll of taming
13 potions of holy water
3 uncursed potions of water
4 uncursed potions of water
3 potions of unholy water
2 uncursed diluted potions of extra healing
2 cursed potions of extra healing
an uncursed diluted potion of full healing
an uncursed potion of gain level
2 blessed potions of levitation
2 uncursed potions of paralysis
an uncursed ring of slow digestion
an uncursed ring of conflict
an uncursed ring of conflict
an uncursed ring of conflict
an uncursed ring of free action
an uncursed ring of free action
a blessed ring of levitation
an uncursed ring of levitation
an uncursed ring of regeneration
an uncursed ring of regeneration
a blessed ring of teleport control
an uncursed ring of teleport control
an uncursed ring of teleport control
an uncursed ring of teleport control
an uncursed wand of cold (0:0)
an uncursed wand of cold (0:0)
an uncursed wand of cold (0:4)
an uncursed wand of cold (0:5)
an uncursed wand of digging (0:8)
an uncursed wand of digging (0:8)
an uncursed wand of digging (0:8)
an uncursed wand of digging (0:7)
an uncursed wand of digging (0:7)
an uncursed wand of digging (0:7)
an uncursed wand of digging (0:6)
an uncursed wand of digging (0:6)
an uncursed wand of digging (0:5)
an uncursed wand of fire (0:5)
an uncursed wand of fire (0:5)
an uncursed wand of lightning (0:2)
an uncursed wand of lightning (0:3)
an uncursed wand of magic missile (0:5)
an uncursed wand of secret door detection (0:10)
an uncursed wand of sleep (0:4)
an uncursed wand of sleep (0:0)
an uncursed wand of sleep (0:8)
an uncursed wand of sleep (0:4)
a blessed wand of slow monster (0:4)
a blessed wand of slow monster (0:5)
an uncursed wand of slow monster (0:5)
an uncursed wand of slow monster (0:6)
an uncursed wand of striking (0:4)
an uncursed wand of striking (0:7)
an uncursed wand of striking (0:2)
an uncursed wand of striking (0:8)
an uncursed wand of striking (0:0)
an uncursed wand of striking (0:6)
an uncursed wand of striking (0:5)
an uncursed bugle
5 uncursed wax candles
3 uncursed tallow candles
an uncursed +0 pick-axe

Contents of the sack named cancellation:

an uncursed wand of cancellation (0:4)
an uncursed wand of cancellation (0:5)

Rustyspoon the Barbarian's attributes:


Background:

You were a Raider, a level 15 female human Barbarian.
You were lawful, temporarily on a mission for Mitra
who was opposed by Crom (neutral) and Set (chaotic).
You were actually chaotic.
You were in the endgame, on the Astral Plane.
You entered the dungeon 37395 turns ago.
You had 230652 experience points, 89348 more were needed to attain level 16.

Basics:

You had 271 out of 293 hit points.
You had all 11 energy points (spell power).
Your armor class was -22.
Your wallet was empty.
Autopickup was off.

Final Characteristics:

Your strength was 25 (base:18/32, innate limit:18/100).
Your dexterity was 17 (peak:18, limit:18).
Your constitution was 18 (limit:18).
Your intelligence was 14 (limit:18).
Your wisdom was 18 (limit:18).
Your charisma was 14 (limit:18).

Final Status:

You were not hungry.
You were unencumbered.
You were wielding two weapons at once.
Your skill in broadsword was limited by being basic with two weapons.
Your skill in saber was also limited by being basic with two weapons.

Final Attributes:

You were the Glory of Arioch.
You were fervently aligned.
You were magic-protected.
You were fire resistant.
You were cold resistant.
You were sleep resistant.
You were disintegration-resistant.
You were shock resistant.
You were poison resistant.
You were level-drain resistant.
You saw invisible.
You were telepathic.
You were invisible to others.
You were stealthy.
You caused conflict.
You were guarded.
You were very fast.
You had reflection.
You had free action.
You were extremely lucky.
You had extra luck.
Good luck did not time out for you.
You survived.

Miscellaneous:
You never encountered a bones level.
Total elapsed playing time was 5 hours and 41 seconds.

Major events:

Turn

1: rustyspoon the chaotic female human Barbarian entered the dungeon
571: entered the Gnomish Mines
1068: attained the rank of Pillager (level 3)
2291: attained the rank of Bandit (level 6)
2365: reached Mine Town
5380: entered Sokoban
5619: completed 1st Sokoban level
6053: completed 2nd Sokoban level
6659: completed 3rd Sokoban level
8207: completed 4th Sokoban level
8991: acquired the Sokoban amulet of reflection
9352: attained the rank of Brigand (level 10)
14164: was bestowed with Cleaver by Set
16825: was chosen to steal souls for the Glory of Set
16825: was bestowed with Stormbringer
22415: made her first wish - "blessed greased +2 gray dragon scale mail", got "a greased gray dragon scale mail"
24332: wished for "2 blessed scrolls of charging", got "a scroll labeled TEMOV"
24335: wished for "blessed fixed greased +2 boots of speed", got "a greased pair of mud boots"
24386: wished for "blessed greased fixed +2 gauntlets of power", got "a greased pair of fencing gloves"
25348: killed Medusa
26716: wished for "blessed fixed greased +2 silver saber", got "a greased silver saber"
26976: attained the rank of Raider (level 14)
28242: found the Heart of Ahriman on the floor
28254: killed Thoth Amon
28255: acquired the Bell of Opening
29279: wished for "uncursed magic marker", got "a magic marker"
30204: wished for "blessed fixed greased +2 cloak of protection", got "a greased ornamental cope"
30359: entered Gehennom
31328: wished for "blessed magic marker", got "a magic marker"
31339: wished for "blessed fixed ring of levitation", got "a brass ring"
31355: killed Juiblex
31612: bribed Asmodeus with 40 zorkmids for safe passage
32206: bribed Baalzebub with 10 zorkmids for safe passage
32966: destroyed the invisible Vlad the Impaler
32968: acquired the Candelabrum of Invocation
33367: killed Orcus
35639: killed the invisible Wizard of Yendor
35640: acquired the Book of the Dead
35680: performed the invocation
35784: killed the high priest of Moloch
35785: acquired The Amulet of Yendor
35868: killed the invisible Wizard of Yendor (2nd time)
35958: killed the Wizard of Yendor (3rd time)
36968: entered the Elemental Planes
36968: entered Plane of Earth
37033: entered Plane of Air
37067: entered Plane of Fire
37111: entered Plane of Water
37364: entered the Astral Plane
37377: killed the invisible Famine
37390: found Sunsword carried by a monster
37392: wished for "blessed fixed greased +2 helm of opposite alignment", got "a greased visored helmet"
37395: ascended

Vanquished creatures:

Orcus
Juiblex
the Wizard of Yendor (4 times)
Famine
Vlad the Impaler
a high cleric
Medusa
5 krakens
8 master liches
2 storm giants
a titan
a balrog
Thoth Amon
2 purple worms
2 silver dragons
2 red dragons
4 white dragons
3 black dragons
2 blue dragons
3 yellow dragons
19 minotaurs
a jabberwock
2 baluchitheria
3 Angels
4 demiliches
3 stone golems
2 master mind flayers
a Nazgul
3 pit fiends
2 sandestins
2 hell hounds
a displacer beast
3 titanotheres
3 trappers
a guardian naga
a genetic engineer
4 disenchanters
22 vampire leaders
2 skeletons
5 aligned clerics
4 captains
6 shades
8 liches
2 clay golems
3 nurses
an ice devil
5 nalfeshnees
2 lurkers above
an ettin
a golden naga
26 vampires
4 lieutenants
23 ghosts
2 queen bees
4 giant mimics
3 long worms
5 zruties
a fire giant
an ogre tyrant
2 ice trolls
51 rock trolls
an umber hulk
4 flesh golems
5 elven monarchs
4 doppelgangers
a hezrou
2 bone devils
9 large mimics
a wumpus
2 fire vortices
5 couatls
5 stalkers
3 air elementals
3 fire elementals
6 earth elementals
6 water elementals
a hill giant
3 giant mummies
a black naga
5 xorns
12 giant zombies
3 elf-nobles
7 sergeants
a water demon
5 barbed devils
7 vrocks
2 salamanders
a warg
4 winter wolves
4 hell hound pups
12 small mimics
2 glass piercers
5 warhorses
6 steam vortices
8 xans
4 ettin mummies
7 ogre leaders
7 quantum mechanics
19 trolls
a sasquatch
8 wood golems
3 erinyes
a marilith
6 sharks
4 electric eels
3 gelatinous cubes
a pyrolisk
2 large dogs
2 freezing spheres
6 flaming spheres
3 shocking spheres
2 large cats
5 tigers
3 gargoyles
a dwarf ruler
3 tengu
7 ochre jellies
7 leocrottas
2 energy vortices
2 stone giants
3 elf mummies
7 human mummies
3 green slimes
2 pythons
6 pit vipers
5 cobras
25 wraiths
3 carnivorous apes
16 ettin zombies
2 leather golems
3 Grey-elves
40 soldiers
4 amorous demons
3 horned devils
8 chameleons
5 giant beetles
4 quivering blobs
11 cockatrices
a wolf
8 winter wolf cubs
5 lynxes
3 panthers
2 gremlins
a spotted jelly
38 leprechauns
3 orc-captains
4 iron piercers
2 mumakil
8 giant spiders
2 scorpions
9 horses
5 ice vortices
6 black lights
8 vampire bats
a forest centaur
6 gnome rulers
2 orc mummies
7 dwarf mummies
69 ogres
4 brown puddings
10 rust monsters
7 owlbears
5 yetis
3 gold golems
a werewolf
4 Green-elves
4 piranha
14 giant eels
10 lizards
6 chickatrices
3 dingoes
a dog
a housecat
6 jaguars
4 dwarf leaders
2 blue jellies
2 white unicorns
6 gray unicorns
4 dust vortices
29 ravens
3 plains centaurs
6 gnome mummies
7 snakes
9 water moccasins
an ape
19 human zombies
4 rope golems
3 Woodland-elves
8 soldier ants
20 fire ants
11 bugbears
2 lemures
a quasit
6 wood nymphs
4 water nymphs
10 mountain nymphs
11 Mordor orcs
3 Uruk-hai
3 orc shamans
5 rock piercers
5 rock moles
3 ponies
4 fog clouds
10 yellow lights
4 shriekers
3 violet fungi
17 gnome leaders
a gnomish wizard
4 kobold mummies
a red naga hatchling
a black naga hatchling
7 gray oozes
4 barrow wights
11 elf zombies
9 ghouls
2 straw golems
2 paper golems
4 jellyfish
2 baby crocodiles
11 giant ants
a little dog
6 floating eyes
2 kittens
23 dwarves
2 homunculi
4 kobold leaders
2 kobold shamans
33 hill orcs
19 rothes
2 rabid rats
a giant bat
5 monkeys
12 orc zombies
19 dwarf zombies
2 wererats
12 iguanas
76 killer bees
2 acid blobs
4 coyotes
a gas spore
5 hobbits
4 manes
a large kobold
15 hobgoblins
6 giant rats
a brown mold
3 yellow molds
3 green molds
a red mold
71 gnomes
6 garter snakes
14 gnome zombies
10 geckos
7 jackals
a fox
5 kobolds
13 goblins
2 sewer rats
3 grid bugs
2 bats
5 lichens
11 kobold zombies
13 newts
1677 creatures vanquished.

Extinct species:

erinyes (extinct)
1 species extinct.

Voluntary challenges:

You read items or engraved 111 times.
You never engraved Elbereth.
You never genocided any monsters.
You never changed form.
You used 10 wishes.
You did not wish for any artifacts.
You violated the special Sokoban rules once.

Achievements:

You entered the Gnomish Mines.
You attained the rank of Pillager.
You attained the rank of Bandit.
You entered Minetown.
You entered a shop.
You entered a temple.
You entered Sokoban.
You completed Sokoban.
You attained the rank of Brigand.
You defeated Medusa.
You learned the tune to open and close the Castle's drawbridge.
You attained the rank of Raider.
You had the Bell of Opening.
You entered Gehennom.
You had the Candelabrum of Invocation.
You had the Book of the Dead.
You gained access to Moloch's Sanctum.
You reached the Elemental Planes.
You reached the Astral Plane.
You delivered the Amulet of Yendor.
You ascended!

The Elemental Planes:

   Astral Plane: <- You are here.
A temple to Mitra.
Plane of Water:
Plane of Fire:
Plane of Air:
Plane of Earth:

The Dungeons of Doom: levels 1 to 27

   Level 1: "fake bones >"
One way stairs up to The Elemental Planes.
Level 2:
Stairs down to The Gnomish Mines.
Level 3:
Level 4:
A fountain.
Level 5:
Some fountains.
Level 6: "nymph on level"
Level 7:
Many fountains.
Oracle of Delphi.
Level 8:
A general store.
Stairs up to Sokoban, level 7.
Level 9:
A scroll shop.
Level 10:
A temple.
Level 11:
Level 12:
Level 13:
Level 14:
Portal to The Quest.
Level 15:
A fountain.
Level 16:
A fountain, a grave.
Level 17:
Some fountains.
Level 18:
A primitive area.
Level 19:
A delicatessen.
Level 20:
Level 21:
An altar, a sink.
Level 22:
Level 23:
Level 24: "shield of reflection"
A fountain, many trees.
Level 25:
Level 26:
Level 27:
A fountain.
The castle (play notes "ABCBB" to open or close drawbridge).

Gehennom: levels 28 to 51

   Level 28:
A temple, many graves.
Valley of the Dead.
Level 29:
Level 30:
Level 31:
A fountain.
Level 32:
Level 33:
Level 34:
Level 35:
Level 36:
Stairs up to Vlad's Tower, level 35.
Level 37:
Some shops, an altar.
Level 38:
Level 39:
Level 40:
Level 41:
Level 42:
Level 43:
Level 44:
Level 45:
Level 46:
Level 47:
Level 48:
Level 49:
Level 50:
Level 51:
A temple, many graves.
Moloch's Sanctum.

The Gnomish Mines: levels 3 to 10

   Level 3: "sell stash >"
Level 4:
Level 5:
Many shops, a temple, some fountains, some trees.
Level 6:
Level 7:
Level 8:
Level 9: "polytrap"
Level 10:
A fountain.

The Quest: levels 1 to 6

   Level 1:
Many trees.
Completed quest for Pelias.
Level 2:
Level 3:
Level 4:
Level 5:
Level 6:
An altar.

Sokoban: levels 7 up to 4

   Level 4:
Solved.
Level 5:
Solved.
Level 6:
Solved.
Level 7:
Solved.

Vlad's Tower: levels 35 up to 33

   Level 33:
Level 34:
Level 35:

Goodbye rustyspoon the Demigoddess...


You went to your reward with 858586 points,
Stormbringer (worth 8000 zorkmids and 20000 points)
The Heart of Ahriman (worth 2500 zorkmids and 6250 points)
The Bell of Opening (worth 5000 zorkmids and 12500 points)
The Candelabrum of Invocation (worth 5000 zorkmids and 12500 points)
The Book of the Dead (worth 10000 zorkmids and 25000 points)
and 0 pieces of gold, after 37395 moves.
You were level 15 with a maximum of 293 hit points when you ascended.